 Dungeon Crawl Stone Soup version 0.30-a0-711-gf4ac18a38d (webtiles) character file.

Game seed: 10622064631117699717

127 Darius099 the Trooper (level 5, -2/33 HPs)
             Began as a Gargoyle Fighter on Jan 22, 2023.
             Slain by a gnoll
             ... wielding a +0 whip
              (5 damage)
             ... on level 4 of the Dungeon.
             The game lasted 00:05:20 (1812 turns).

Darius099 the Trooper (Gargoyle Fighter)            Turns: 1812, Time: 00:05:21

Health: -2/33      AC: 12    Str: 20    XL:     5   Next: 11%
Magic:  5/5        EV:  9    Int:  8    God:
Gold:   195        SH:  4    Dex: 11    Spells: 4/4 levels left

rFire   . . .      SeeInvis .    w - +0 hammer
rCold   . . .      Faith    .    c - +0 buckler
rNeg    + . .      Spirit   .    b - +0 scale mail
rPois   ∞          Reflect  .    (no helmet)
rElec   +          Harm     .    a - +0 cloak
rCorr   .          Rampage  .    (no gloves)
Will    .....                    (no boots) Stlth
                                 (no amulet)
HPRegen 0.25/turn                (no ring)
MPRegen 0.09/turn                (no ring)

@: no status effects
A: sickness immunity, AC +4, negative energy resistance 1, electricity
resistance, torment resistance 1, petrification resistance
a: no special abilities


You were on level 4 of the Dungeon.
You visited 1 branch of the dungeon, and saw 4 of its levels.

You collected 195 gold pieces.

Inventory:

Hand Weapons
 w - a +0 hammer (weapon)
Missiles
 g - a throwing net (quivered)
Armour
 a - a +0 cloak (worn)
 b - a +0 scale mail (worn)
 c - a +0 buckler (worn)
Jewellery
 s - a ring of protection from fire
 v - a +6 ring of dexterity
Scrolls
 e - 5 scrolls of identify {unknown}
 f - a scroll of immolation {unknown}
 j - 2 scrolls of magic mapping {unknown}
 n - a scroll of teleportation {unknown}
 o - 2 scrolls of blinking {unknown}
 q - a scroll of vulnerability {unknown}
 u - a scroll of brand weapon {unknown}
Potions
 d - 2 potions of might
 h - a potion of heal wounds {unknown}
 i - a potion of cancellation
 k - a potion of curing {unknown}
 l - a potion of brilliance {unknown}
 m - a potion of lignification {unknown}
 p - a potion of degeneration {unknown}
 r - a potion of attraction {unknown}
 t - a potion of mutation {unknown}


   Skills:
 + Level 4.2 Fighting
 + Level 3.0 Maces & Flails
 + Level 4.1 Armour
 + Level 4.1 Shields


You had 4 spell levels left.
You didn't know any spells.
Your spell library was empty.

Dungeon Overview and Level Annotations

Branches:
Dungeon (4/15)
 Temple: D:4-7

Altars:
Dithmenos
Gozag


Innate Abilities, Weirdness & Mutations

You are immune to sickness and miasma.
Your stone body is resilient. (AC +4)
You are immune to poison.
You resist negative energy. (rN+)
You are resistant to electric shocks. (rElec)
You are resistant to unholy torment.
You are immune to petrification.


Message History

The gnoll hits you from afar with a +0 halberd.
You hit the gnoll but do no damage.
The gnoll is lightly wounded.
The gnoll hits you with a +0 whip. The gnoll closely misses you.
The gnoll hits you from afar with a +0 halberd!
The orc hits you with a +0 club. The kobold barely misses you.
The kobold hits you with a +0 whip of draining.
The gnoll barely misses you. The orc barely misses you.
You block the gnoll's attack. The gnoll hits you but does no damage.
The gnoll attacks as you move away! The gnoll barely misses you.
The orc barely misses you.
You completely miss the gnoll. The gnoll hits you but does no damage.
You hit the gnoll.
The gnoll is heavily wounded.
You block the gnoll's attack.
A gnoll opens the door.
You barely miss the gnoll.
The gnoll is heavily wounded.
You block the gnoll's attack.
You hit the gnoll but do no damage.
The gnoll is lightly wounded.
The gnoll hits you with a +0 club. The gnoll hits you but does no damage.
The gnoll hits you from afar with a +0 halberd.
* * * LOW HITPOINT WARNING * * *
You hit the gnoll.
The gnoll is moderately wounded.
You block the gnoll's attack. The gnoll barely misses you. x2
You hit the gnoll.
The gnoll is severely wounded.
The gnoll hits you but does no damage. x3
You hit the gnoll but do no damage.
The gnoll is severely wounded.
The gnoll hits you but does no damage. x2
The gnoll hits you from afar with a +0 halberd.
* * * LOW HITPOINT WARNING * * *
The gnoll hits you but does no damage. You block the gnoll's attack.
The gnoll hits you with a +0 whip.
* * * LOW HITPOINT WARNING * * *
It was a potion of cancellation.
You feel magically purged. The gnoll hits you with a +0 whip.
You die...

#.#.. ....... ..#.
........#..
#....#..........# ...
.........>.# ..
..........## #.##.
...........
#....##g#.....#.#.#
#@goK.......#.#
#g##......# .#
#.##......#+#.#
#.............#
#.............####
.......................
..............##.######
.......................
.......#..#....#.######


You could see 3 gnolls, an orc and a kobold.

Vanquished Creatures
  Crazy Yiuf (D:3)
  Natasha (D:3)
  3 adders
  3 dart slugs
  3 ball pythons
  5 endoplasms
  A giant cockroach (D:2)
  3 goblins
  6 hobgoblins
  6 kobolds
  2 quokkas (D:1)
  3 bats
  2 frilled lizards
  2 rats
41 creatures vanquished.

Notes
Turn   | Place    | Note
-------+----------+-------------------------------------------
     0 | D:1      | Darius099 the Gargoyle Fighter began the quest for the Orb.
     0 | D:1      | Reached XP level 1. HP: 14/14 MP: 1/1
   184 | D:1      | Reached XP level 2. HP: 17/19 MP: 2/2
   555 | D:2      | Reached XP level 3. HP: 23/23 MP: 3/3
  1119 | D:3      | Reached XP level 4. HP: 29/29 MP: 4/4
  1187 | D:3      | Found an opulent altar of Gozag.
  1198 | D:3      | Found a shadowy altar of Dithmenos.
  1461 | D:3      | Found a runed translucent door.
  1462 | D:3      | Noticed Crazy Yiuf
  1499 | D:3      | Noticed Natasha
  1516 | D:3      | Killed Natasha
  1621 | D:3      | Killed Crazy Yiuf
  1622 | D:3      | Reached XP level 5. HP: 14/33 MP: 5/5
  1812 | D:4      | Slain by a gnoll

Illustrated notes

Levels and vault maps discovered:
D:1:      eino_arrival_water_star, layout_rooms, chequers_serial_rivers_small_3
D:2:      kennysheep_big_flooded_room, layout_basic
D:3:      layout_rooms, mainiacjoe_overflow_catwalk_spiral, grunt_ministairs_10,
          uniq_crazy_yiuf_cottage, uniq_natasha
D:4:      layout_basic, uniq_pikel, uniq_ijyb

Skill      XL: |  1  2  3  4 |
---------------+-------------+-----
Fighting       | 4 |  4.2
Armour         | 4 |  4.1
Shields        | 4 |  4.1
Maces & Flails | 3 |  3.0

Action                     |  1- 3 |  4- 6 || total
---------------------------+-------+-------++-------
  Melee: Flail             |    89 |    23 ||   112
         Mace              |       |    35 ||    35
    Use: Potion            |       |     1 ||     1
 Armour: Scale mail        |    60 |    32 ||    92
  Dodge: Dodged            |    41 |    38 ||    79
  Block: Buckler           |    16 |    17 ||    33

Table legend: (Time is in decaauts)
 A = Elapsed time spent in this place.
 B = Non-inter-level travel time spent in this place.
 C = Inter-level travel time spent in this place.
 D = Time resting spent in this place.
 E = Time spent auto-exploring this place.
 F = Levels seen in this place.
 G = Mean time per level.
                   A        B        C        D        E       F      G
               +--------+--------+--------+--------+--------+-----+--------+
         Total |   1877 |   1752 |    125 |      0 |   1309 |   4 |  469.2 |
       Dungeon |   1877 |   1752 |    125 |      0 |   1309 |   4 |  469.2 |
               +--------+--------+--------+--------+--------+-----+--------+

Top non-repeatable levels by time:
     D:3: 678 daAuts
     D:1: 568 daAuts
     D:2: 560 daAuts
     D:4: 69 daAuts
